[Event "*** Titled Tuesday Blitz"]
[Site "Chess.com"]
[Date "2018.05.01"]
[Round "8"]
[White "chidori_boruto"]
[Black "sergeikim"]
[Result "1/2-1/2"]
[WhiteElo "2533"]
[BlackElo "2365"]
[TimeControl "180+2"]
[EndTime "14:45:16 PDT"]
[Termination "Game drawn by agreement"]

1. d4 Nf6 2. Bf4 g6 3. e3 Bg7 4.
Nf3 O-O 5. h3 d6 6. c3 Nbd7 7. Be2 b6 8. O-O Bb7 9. a4 a5 10. Nbd2 Ne4 11. Nxe4 Bxe4 12. Nd2 Bb7 13. Bf3 Qc8 14. b4 e5 15. dxe5 Nxe5 16. Bxb7 Qxb7 17.
Qb3 Nd3 18. bxa5 Nxf4 19. exf4 Rxa5 20. Nc4 Rc5 21. Ne3 Qc6 22. Rfc1 Rxc3 23. Rxc3 Qxc3 24.
Qxc3 Bxc3 25. Rc1 Bd4 26. Rxc7 Ra8 27. Rc4 Bc5 1/2-1/2

[Event "*** Titled Tuesday Blitz"]
[Site "Chess.com"]
[Date "2018.05.01"]
[Round "8"]
[White "Blitzstream"]
[Black "Yurovskykh_Oleksandr"]
[Result "1-0"]
[WhiteElo "2470"]
[BlackElo "2353"]
[TimeControl "180+2"]
[EndTime "14:45:17 PDT"]
[Termination "Blitzstream won by checkmate"]

1. e4 c6 2. d4 d5 3. exd5 cxd5 4. Bd3 Nc6 5. c3 Qc7 6. Ne2 e6 7. O-O Bd6 8. Nd2 Bd7 9. Nf3 Nge7 10. Ng3 O-O 11. Bxh7+ Kxh7 12. Ng5+ Kg8 13. Qh5 Rfb8 14. Qxf7+ Kh8 15. Qh5+ Kg8 16. Qf7+ Kh8 17. Nh5 Nf5 18. Nf6 Nce7 19. Qg8+ Rxg8 20. Nf7# 1-0

[Event "*** Titled Tuesday Blitz"]
[Site "Chess.com"]
[Date "2018.05.01"]
[Round "8"]
[White "AsaHoffmann"]
[Black "aa175"]
[Result "1-0"]
[WhiteElo "2005"]
[BlackElo "1849"]
[TimeControl "180+2"]
[EndTime "14:45:27 PDT"]
[Termination "AsaHoffmann won by checkmate"]

1. d4 e5 2. Nf3 exd4 3. Nxd4 Nf6 4. Nc3 d5 5. Bg5 c5 6. Nf3 d4 7. Ne4 Nbd7 8. c3 Be7 9. Bxf6 Nxf6 10. Ng3 dxc3 11. Qxd8+ Bxd8 12. bxc3 Ba5 13. Kd2 Nd5 14. Rc1 Bg4 15. e4 Bxf3 16. gxf3 Nxc3 17. Rxc3 O-O-O+ 18.
Kc2 Bxc3 19. Kxc3 Rd1 20. Bh3+ Kc7 21. Rxd1 b5 22. Rd7+ Kc6 23. Rxf7 g5 24. Be6 Rd8 25.
Bd5+ Kb6 26. Nf5 b4+ 27. Kc4 h5 28. Rb7+ Ka6 29. Rb5 Rxd5 30. exd5 g4 31. d6 gxf3 32. d7 b3 33. axb3 h4 34. d8=Q h3 35. Qa5# 1-0

[Event "*** Titled Tuesday Blitz"]
[Site "Chess.com"]
[Date "2018.05.01"]
[Round "8"]
[White "bugsbunny444"]
[Black "Too_Stupid_To_Play"]
[Result "1-0"]
[WhiteElo "2332"]
[BlackElo "2179"]
[TimeControl "180+2"]
[EndTime "14:46:09 PDT"]
[Termination "bugsbunny444 won by resignation"]

1. Nf3 Nf6 2. c4 e6 3. g3 b6 4. Bg2 Bb7 5. O-O c5 6. b3 Be7 7. Bb2 O-O 8. Nc3 d6 9. e3 Nbd7 10. d4 a6 11. d5 e5 12. a4 Ne8 13. e4 Nc7 14. Ne1 b5 15. axb5 axb5 16. cxb5 Nb6 17. Nc2 Rxa1 18. Qxa1 Qd7 19. Qa7 Nxb5 20. Qxb6 Nxc3 21.
Bxc3 Ra8 22. Bh3 1-0

[Event "*** Titled Tuesday Blitz"]
[Site "Chess.com"]
[Date "2018.05.01"]
[Round "8"]
[White "Andnar"]
[Black "Synctel"]
[Result "1-0"]
[WhiteElo "2365"]
[BlackElo "1912"]
[TimeControl "180+2"]
[EndTime "14:46:17 PDT"]
[Termination "Andnar won by resignation"]

1. e4 e6 2. d4 d5 3. e5 c5 4. c3 Qb6 5. Nf3 Bd7 6. Bd3 Bb5 7. O-O Bxd3 8. Qxd3 c4 9. Qe2 Nc6 10. Nbd2 Nge7 11. Rb1 Qa6 12. Ra1 Nf5 13. b3 b5 14. a4 b4 15. cxb4 Bxb4 16. bxc4 Bc3 17. Ra3 Ncxd4 18. Qd3 Nxf3+ 19. Nxf3 Bb4 20. cxd5 O-O 21.
Qxa6 1-0

[Event "*** Titled Tuesday Blitz"]
[Site "Chess.com"]
[Date "2018.05.01"]
[Round "8"]
[White "LisikValera"]
[Black "windking123"]
[Result "1-0"]
[WhiteElo "2425"]
[BlackElo "2294"]
[TimeControl "180+2"]
[EndTime "14:46:22 PDT"]
[Termination "LisikValera won by resignation"]

1. d4 Nf6 2. Nf3 c5 3. d5 e6 4. c4 exd5 5. cxd5 d6 6. e4 g6 7. Bd3 Bg7 8. h3 O-O 9. Nc3 Re8 10. O-O c4 11. Bc2 Nbd7 12. Bf4 Nc5 13. Nd2 a6 14. a4 Qb6 15. Nxc4 Qb4 16. Nxd6 Rd8 17. Qc1 Nh5 18. Bh2 Bxc3 19. bxc3 Qxc3 20. Bd1 Qd4 21.
Bxh5 gxh5 22. Qg5+ Qg7 23. Qxd8+ 1-0

[Event "*** Titled Tuesday Blitz"]
[Site "Chess.com"]
[Date "2018.05.01"]
[Round "8"]
[White "Sanan_Sjugirov"]
[Black "ChessicallyInclined"]
[Result "1-0"]
[WhiteElo "2776"]
[BlackElo "2215"]
[TimeControl "180+2"]
[EndTime "14:47:11 PDT"]
[Termination "Sanan_Sjugirov won by resignation"]

1. e4 e5 2. Nf3 Nc6 3. Bb5 a6 4. Ba4 Nf6 5. O-O Be7 6. d3 b5 7. Bb3 O-O 8. a4 Bb7 9. Nc3 b4 10. Nd5 d6 11. Nxe7+ Qxe7 12. Bg5 Nd8 13. c3 bxc3 14.
bxc3 Ne6 15. Bh4 a5 16. Re1 Nc5 17. Bc2 Qe6 18. Nd2 Ba6 19. Qf3 Ne8 20. d4 Nd7 21.
Bb3 Qh6 22. Be7 Qxd2 23. Bxf8 Nef6 24. Be7 exd4 25. e5 Rb8 26. exf6 Rxb3 27. Bxd6 cxd6 28. Re8+ Nf8 29. Rxf8+ Kxf8 30. Qa8+ 1-0

[Event "*** Titled Tuesday Blitz"]
[Site "Chess.com"]
[Date "2018.05.01"]
[Round "8"]
[White "Gogolev_Artemy"]
[Black "Last7Samurai"]
[Result "0-1"]
[WhiteElo "2438"]
[BlackElo "2647"]
[TimeControl "180+2"]
[EndTime "14:47:28 PDT"]
[Termination "Last7Samurai won by resignation"]

1. Nf3 d5 2. c4 c6 3. e3 Nf6 4. Nc3 e6 5. d4 Nbd7 6. b3 Bd6 7.
Bd3 O-O 8. O-O e5 9. cxd5 cxd5 10. dxe5 Nxe5 11. Nxe5 Bxe5 12. Bb2 Bg4 13. Qd2 Rc8 14.
Rac1 Re8 15. h3 Be6 16. Ne2 Bc7 17. Nf4 Bxf4 18. exf4 Ne4 19. Bxe4 dxe4 20. Rxc8 Bxc8 21. Qc3 f6 22. Qc5 b6 23. Qc2 Ba6 24. Rc1 h6 25.
Qc7 Qd2 26. Qc6 Rd8 27. Ba3 Qxf4 28. Be7 Rd2 0-1

[Event "*** Titled Tuesday Blitz"]
[Site "Chess.com"]
[Date "2018.05.01"]
[Round "8"]
[White "VerdeNotte"]
[Black "chessking2151"]
[Result "1-0"]
[WhiteElo "2638"]
[BlackElo "2428"]
[TimeControl "180+2"]
[EndTime "14:47:29 PDT"]
[Termination "VerdeNotte won by resignation"]

1. Nf3 Nf6 2. g3 d5 3. Bg2 c5 4.
c4 d4 5. b4 cxb4 6. a3 bxa3 7.
O-O e6 8. Bxa3 Bxa3 9. Qa4+ Nc6 10. Qxa3 Qe7 11. e3 Qxa3 12. Nxa3 dxe3 13. fxe3 Ke7 14. d4 Rd8 15. c5 e5 16. Nxe5 Nxe5 17. dxe5 Nd7 18. c6 bxc6 19. Nc4 Nc5 20. Nd6 f6 21. Bxc6 Rb8 22. Rxa7+ Bd7 23. Nf5+ Kf8 24. e6 Bxe6 25. Nxg7 Bc4 26. Rxf6+ Kg8 27. Ne8 Rd1+ 28. Kg2 Rd2+ 29. Kh3 Bd3 30. Rg7+ 1-0

[Event "*** Titled Tuesday Blitz"]
[Site "Chess.com"]
[Date "2018.05.01"]
[Round "8"]
[White "juniortay"]
[Black "cukus"]
[Result "1-0"]
[WhiteElo "2368"]
[BlackElo "2377"]
[TimeControl "180+2"]
[EndTime "14:47:35 PDT"]
[Termination "juniortay won on time"]

1. e4 g6 2. d4 Bg7 3. Nc3 d5 4. Nxd5 c6 5. Nc3 Qxd4 6. Bd3 Nf6 7. Nf3 Qd8 8. O-O O-O 9. h3 Qc7 10. Qe2 Nh5 11. e5 f6 12. g4 fxe5 13. gxh5 Bxh3 14.
hxg6 Bxf1 15. Kxf1 h6 16. Bc4+ Kh8 17. Ng5 Qd7 18.
Be6 Qd4 19. Nf7+ Rxf7 20. gxf7 Na6 21. Qh5 Kh7 22. Bf5+ Kh8 23. Qg6 Qc4+ 24. Kg1 1-0

[Event "*** Titled Tuesday Blitz"]
[Site "Chess.com"]
[Date "2018.05.01"]
[Round "8"]
[White "Alexander_Moskalenko"]
[Black "FastChance"]
[Result "1-0"]
[WhiteElo "2759"]
[BlackElo "2663"]
[TimeControl "180+2"]
[EndTime "14:47:41 PDT"]
[Termination "Alexander_Moskalenko won by resignation"]

1. e4 c6 2. d4 d5 3. e5 Bf5 4. h4 h5 5. Bd3 Bxd3 6. Qxd3 e6 7.
Bg5 Qb6 8. Nd2 Nh6 9. Ngf3 Nf5 10. O-O Nd7 11. c4 Qa6 12. g3 Bb4 13. Rfc1 O-O 14.
Nf1 c5 15. a3 Ba5 16. b4 dxc4 17. Qe4 Bc7 18. dxc5 b5 19. Ne3 Nxe3 20. Bxe3 Rfd8 21. Ng5 Nf8 22. Qf3 Bxe5 23. Qxf7+ Kh8 24. Qxh5+ Kg8 25. Qf7+ Kh8 26. Ra2 Qc6 27. Qh5+ Kg8 28. Qf7+ Kh8 29. Qh5+ Kg8 30. Nf7 Qe8 31. Nh6+ gxh6 32.
Qxe5 Kh7 33. a4 a6 34. axb5 axb5 35. Rxa8 Rxa8 36. Qe4+ Kg8 37. Bxh6 Ra2 38. Bxf8 Kxf8 39. Qf3+ Kg7 40. Rd1 Qe7 41. Rd4 Ra1+ 42. Kh2 e5 43.
Qg4+ Kh6 44. Rd6+ Kh7 45. Rd7 1-0

[Event "*** Titled Tuesday Blitz"]
[Site "Chess.com"]
[Date "2018.05.01"]
[Round "8"]
[White "pulvettd"]
[Black "PowerThinking2650"]
[Result "1-0"]
[WhiteElo "2385"]
[BlackElo "2279"]
[TimeControl "180+2"]
[EndTime "14:47:49 PDT"]
[Termination "pulvettd won by resignation"]

1. e4 e5 2. Nf3 Nc6 3. d4 exd4 4. Nxd4 Nf6 5. Nc3 Bb4 6. Nxc6 bxc6 7. Bd3 d5 8. exd5 O-O 9. O-O cxd5 10. Bg5 c6 11. a3 Bd6 12. h3 h6 13. Bh4 Rb8 14.
Rb1 Be5 15. Re1 Qd6 16. Na4 g5 17. Rxe5 Qxe5 18. Bg3 Qe7 19. Bxb8 Bxh3 20. Bg3 Be6 21. Qd2 Kg7 22. Re1 Nd7 23. Qc3+ 1-0

[Event "*** Titled Tuesday Blitz"]
[Site "Chess.com"]
[Date "2018.05.01"]
[Round "8"]
[White "akretchetov"]
[Black "tteshan"]
[Result "1-0"]
[WhiteElo "2314"]
[BlackElo "1985"]
[TimeControl "180+2"]
[EndTime "14:47:54 PDT"]
[Termination "akretchetov won by resignation"]

1. Nf3 c5 2. c4 Nc6 3. d4 cxd4 4. Nxd4 g6 5. e4 Bg7 6. Be3 Nf6 7. Nc3 d6 8. Be2 O-O 9. O-O Bd7 10. Qd2 Nxd4 11. Bxd4 Bc6 12. f3 Qc7 13. Rac1 Rfc8 14. Rfd1 Nd7 15. Be3 Nc5 16. b4 Ne6 17. Nd5 Qd8 18. f4 Bxd5 19. cxd5 Nf8 20. Bg4 Nd7 21.
Qd3 h5 22. Bh3 Rxc1 23. Rxc1 Nb6 24. Qb5 Bf6 25. a4 Rb8 26. a5 Nc8 27. Qd7 e5 28.
Qxd8+ Bxd8 29. Rxc8 Rxc8 30. Bxc8 b6 31. a6 f6 32.
fxe5 fxe5 33. Be6+ Kg7 34. Kf2 g5 35. Ke2 g4 36.
Kd3 Kf6 37. Kc4 Ke7 38. Kb5 Bc7 39. Kc6 Kd8 40. Bg5+ 1-0

[Event "*** Titled Tuesday Blitz"]
[Site "Chess.com"]
[Date "2018.05.01"]
[Round "8"]
[White "vovachesss"]
[Black "Mbneu"]
[Result "1-0"]
[WhiteElo "2385"]
[BlackElo "2280"]
[TimeControl "180+2"]
[EndTime "14:48:02 PDT"]
[Termination "vovachesss won by resignation"]

1. Nf3 d5 2. b3 Nf6 3. Bb2 g6 4. e3 Bg7 5. d4 O-O 6. Nbd2 c6 7. Bd3 Bf5 8. Bxf5 gxf5 9. O-O Ne4 10. Ne5 Nd7 11. f4 f6 12. Nd3 Kh8 13. Nxe4 fxe4 14. Nc5 Nxc5 15. dxc5 e5 16. Qh5 Qe8 17. Qf5 Qg6 18. Qd7 Rf7 19. Qh3 Raf8 20. Rad1 Qh6 21. Qe6 Qg6 22. c4 exf4 23. Rxf4 dxc4 24. Rg4 Qh6 25.
Rxe4 f5 26. Qxh6 1-0

[Event "*** Titled Tuesday Blitz"]
[Site "Chess.com"]
[Date "2018.05.01"]
[Round "8"]
[White "ghost_of_pushwood"]
[Black "Caisachess"]
[Result "1/2-1/2"]
[WhiteElo "1846"]
[BlackElo "2145"]
[TimeControl "180+2"]
[EndTime "14:48:02 PDT"]
[Termination "Game drawn by repetition"]

1. c4 Nf6 2. Nc3 e5 3. Nf3 Nc6 4. e4 Bc5 5. Nxe5 Nxe5 6. d4 Bb4 7. dxe5 Nxe4 8. Qd3 Nxc3 9. bxc3 Bc5 10. Qg3 g6 11.
Bg5 Be7 12. Bh6 Bf8 13. Bg5 Be7 14. Bh6 d6 15. Rd1 Bf5 16. Bd3 Bxd3 17. Rxd3 Qd7 18. O-O Qf5 19. exd6 Bxd6 20. Re1+ Kd7 21. Red1 Rad8 22.
Bf4 Kc8 23. Bxd6 cxd6 24. Rxd6 Rhe8 25. h3 a6 26. Rxd8+ Rxd8 27. Rxd8+ Kxd8 28. Qb8+ Qc8 29. Qd6+ Ke8 30. Qe5+ Kd7 31. Qd5+ Ke7 32. Qe5+ Qe6 33. Qc7+ Qd7 34. Qe5+ Qe6 35. Qc7+ Qd7 36. Qe5+ Qe6 1/2-1/2

[Event "*** Titled Tuesday Blitz"]
[Site "Chess.com"]
[Date "2018.05.01"]
[Round "8"]
[White "saraswathii"]
[Black "pultineviciuspaulius"]
[Result "0-1"]
[WhiteElo "2269"]
[BlackElo "2537"]
[TimeControl "180+2"]
[EndTime "14:48:06 PDT"]
[Termination "pultineviciuspaulius won by resignation"]

1. e4 c6 2. d3 d5 3. Nd2 g6 4. Ngf3 Bg7 5. g3 e5 6. Bg2 Ne7 7. O-O O-O 8. Qe2 Qc7 9. Re1 Re8 10. exd5 cxd5 11. Nb3 Nbc6 12. c3 h6 13. Be3 a5 14. a4 b6 15. Rad1 Ba6 16. Qd2 Kh7 17. Nh4 Rad8 18. d4 Bc4 19. Nc1 exd4 20. cxd4 Ba6 21.
Bf4 Qd7 22. Be3 Rc8 23. Ne2 Nb4 24. Nc3 Bc4 25. Rb1 Bb3 26. Rec1 Bxa4 27. Nxa4 Qxa4 28. Bh3 Rxc1+ 29. Rxc1 Nec6 30. Bd7 Re7 31. Bh3 Na2 32. Ra1 Qb3 33. Nf3 Re4 34. Bg2 Nab4 35. Ne5 Nxe5 36. Bxe4 Nc4 37. Bxd5 Nxd5 38. Qe2 Ndxe3 39. fxe3 Qxe3+ 0-1

[Event "*** Titled Tuesday Blitz"]
[Site "Chess.com"]
[Date "2018.05.01"]
[Round "8"]
[White "Margency"]
[Black "popov_m"]
[Result "1-0"]
[WhiteElo "2533"]
[BlackElo "2391"]
[TimeControl "180+2"]
[EndTime "14:48:08 PDT"]
[Termination "Margency won by resignation"]

1. e4 g6 2. d4 Bg7 3. Nc3 d6 4. Be3 a6 5. f4 b5 6. Bd3 Bb7 7. Nf3 b4 8. Ne2 Nf6 9. Ng3 h5 10. e5 Nd5 11. Bd2 h4 12. Ne4 h3 13. g3 Nd7 14. Qe2 O-O 15. O-O c5 16. c3 bxc3 17. bxc3 cxd4 18. cxd4 dxe5 19. dxe5 Rc8 20. Rab1 Ba8 21.
e6 Nc5 22. exf7+ Rxf7 23. Nxc5 Rxc5 24. Bxg6 Rf6 25. Ne5 Rxg6 26. Nxg6 Bd4+ 27. Rf2 Kg7 28. Ne5 Nf6 29. Be3 Qd5 30. Nf3 Bxe3 31. Qxe3 Rc7 32.
Qe5 Qd3 33. Rbf1 Rd7 34. Qg5+ Kf8 35. Qh6+ Kf7 1-0

[Event "*** Titled Tuesday Blitz"]
[Site "Chess.com"]
[Date "2018.05.01"]
[Round "8"]
[White "joejan"]
[Black "toad"]
[Result "1-0"]
[WhiteElo "2148"]
[BlackElo "2189"]
[TimeControl "180+2"]
[EndTime "14:48:13 PDT"]
[Termination "joejan won by resignation"]

1. e4 c5 2. Nc3 d6 3. f4 g6 4.
Nf3 Bg7 5. Bc4 e6 6. d3 Nc6 7.
O-O Nge7 8. Qe1 O-O 9. Qh4 f5 10. Ng5 h6 11. Bxe6+ Bxe6 12. Nxe6 Qd7 13. Nxf8 Rxf8 14.
Bd2 Nd4 15. Rac1 b5 16. Rf2 b4 17. Ne2 Nxe2+ 18. Rxe2 Bxb2 19. Qxh6 Bxc1 20. Bxc1 Qe6 21.
Bb2 Kf7 22. Kf2 Qxa2 23. Qg7+ Ke8 24. exf5 Rf7 25. Qh8+ Rf8 26. Qh4 g5 27. Qxg5 Rf7 28.
f6 Qxb2 29. Qg8+ Kd7 30. Qxf7 Qd4+ 31. Kg3 b3 32. fxe7 1-0

[Event "*** Titled Tuesday Blitz"]
[Site "Chess.com"]
[Date "2018.05.01"]
[Round "8"]
[White "Shtembuliak"]
[Black "GMSrinath"]
[Result "1-0"]
[WhiteElo "2687"]
[BlackElo "2734"]
[TimeControl "180+2"]
[EndTime "14:48:17 PDT"]
[Termination "Shtembuliak won by resignation"]

1. Nf3 d5 2. g3 g6 3. Bg2 Bg7 4. c4 dxc4 5. O-O Nf6 6. Na3 O-O 7. Nxc4 Nc6 8. d3 Nd5 9. a3 a5 10. Qc2 Bg4 11. e3 a4 12. h3 Be6 13. Ng5 Bc8 14. Ne4 e6 15. Rb1 Na5 16. Nxa5 Rxa5 17. b4 axb3 18. Rxb3 b6 19. Bb2 f6 20. Nc3 Ne7 21.
d4 Bd7 22. Rc1 c5 23. dxc5 Rxc5 24. Qb1 f5 25. Ne2 Rxc1+ 26. Qxc1 Bxb2 27. Qxb2 b5 28. Nd4 Qa5 29. Nxb5 Bc6 30. Bxc6 Nxc6 31. Qc3 Qa8 32.
Nc7 Qa4 33. Nxe6 Rf7 34. Rb8+ 1-0

[Event "*** Titled Tuesday Blitz"]
[Site "Chess.com"]
[Date "2018.05.01"]
[Round "8"]
[White "Eliwood44"]
[Black "evgenysharapov"]
[Result "1-0"]
[WhiteElo "2190"]
[BlackElo "2292"]
[TimeControl "180+2"]
[EndTime "14:48:22 PDT"]
[Termination "Eliwood44 won by resignation"]

1. d4 d5 2. Nf3 Nf6 3. e3 c5 4. c4 Nc6 5. cxd5 Nxd5 6. Be2 cxd4 7. Nxd4 Ndb4 8. a3 Nxd4 9. exd4 Nd5 10. Nc3 Nxc3 11.
bxc3 e6 12. O-O Be7 13. Rb1 O-O 14. Bf3 Rb8 15. a4 b6 16. a5 Bb7 17. axb6 Bxf3 18. Qxf3 Rxb6 19. Bf4 Qd7 20. Rxb6 axb6 21. Rb1 b5 22.
Qd3 Rc8 23. h3 Rc4 24. Qf3 h6 25.
Qa8+ Kh7 26. Qe4+ g6 27. Qe3 Bf8 28. Be5 Qc6 29. Qf4 f5 30. Ra1 Kg8 31. Qh4 Rxc3 32. Qf6 Rc1+ 33. Kh2 1-0

[Event "*** Titled Tuesday Blitz"]
[Site "Chess.com"]
[Date "2018.05.01"]
[Round "8"]
[White "MartinZumsande"]
[Black "daro94"]
[Result "0-1"]
[WhiteElo "2515"]
[BlackElo "2728"]
[TimeControl "180+2"]
[EndTime "14:48:28 PDT"]
[Termination "daro94 won by resignation"]

1. e4 e6 2. d4 d5 3. Nc3 Bb4 4.
e5 c5 5. a3 Bxc3+ 6. bxc3 Qa5 7. Bd2 Qa4 8. Nf3 b6 9. h4 Ne7 10. h5 h6 11. dxc5 bxc5 12. Rh4 Qd7 13. Rg4 Nf5 14. Bd3 Kf8 15. Rb1 Nc6 16. Kf1 Qc7 17.
Qe2 Rb8 18. Rxb8 Qxb8 19. Bb5 Bd7 20. c4 Ncd4 21. Nxd4 Nxd4 22. Rxd4 Bxb5 23. cxb5 cxd4 24. Bb4+ Ke8 25. a4 Qc7 26. Kg1 Qc4 27. Qxc4 dxc4 28. Bc5 d3 29. cxd3 cxd3 30. Kf1 Kd7 31. Bxa7 Ra8 32. b6 Kc6 33. Ke1 Kb7 34. Kd2 Rd8 35. f4 Rd4 36. g3 g6 37. hxg6 fxg6 38. a5 h5 0-1

[Event "*** Titled Tuesday Blitz"]
[Site "Chess.com"]
[Date "2018.05.01"]
[Round "8"]
[White "Mikhail_Golubev"]
[Black "Albertu"]
[Result "1-0"]
[WhiteElo "2363"]
[BlackElo "2289"]
[TimeControl "180+2"]
[EndTime "14:48:33 PDT"]
[Termination "Mikhail_Golubev won by resignation"]

1. e4 c5 2. Nf3 d6 3. d4 cxd4 4. Nxd4 Nf6 5. Nc3 a6 6. Bc4 Nbd7 7. O-O b5 8. Bb3 Bb7 9. Re1 e6 10. a4 b4 11. Nd5 exd5 12. exd5+ Be7 13. Nf5 Ne5 14. Nxe7 Qxe7 15. f4 O-O 16. fxe5 dxe5 17. d6 Qd7 18. Rxe5 Rae8 19. Bf4 Ng4 20. Re7 Qf5 21. Bxf7+ Kh8 22. Qd4 Qxc2 23. Bd5 Nf6 24. Bxb7 1-0

[Event "*** Titled Tuesday Blitz"]
[Site "Chess.com"]
[Date "2018.05.01"]
[Round "8"]
[White "Er_is_geen_hoop_meer"]
[Black "Fins0905"]
[Result "0-1"]
[WhiteElo "2364"]
[BlackElo "2581"]
[TimeControl "180+2"]
[EndTime "14:48:47 PDT"]
[Termination "Fins0905 won by checkmate"]

1. b4 d5 2. Bb2 Bg4 3. d3 e6 4.
a3 Nf6 5. h3 Bh5 6. g4 Bg6 7.
Bg2 Bd6 8. Nd2 c6 9. e3 h6 10.
f4 Nbd7 11. Ngf3 a5 12. b5 cxb5 13. O-O O-O 14. Ne5 Bxe5 15. fxe5 Nh7 16. Nf3 Qc7 17. Rc1 Ng5 18. Nxg5 hxg5 19. Qf3 b4 20. Qg3 Rfc8 21. axb4 axb4 22. Bd4 Ra2 23. h4 gxh4 24. Qxh4 Rxc2 25.
Rxc2 Qxc2 26. Kh2 Qxd3 27. Kg3 Nf8 28. Rh1 Nh7 29. Qe7 Rc2 30. Rxh7 Rxg2+ 31. Kxg2 Qe2+ 32. Kg3 Qe1+ 33. Kf4 Kxh7 34. Qxb7 Be4 35. Bc5 Kg6 36.
Bxb4 Qf2# 0-1

[Event "*** Titled Tuesday Blitz"]
[Site "Chess.com"]
[Date "2018.05.01"]
[Round "8"]
[White "Angulo07"]
[Black "wadsy27"]
[Result "1-0"]
[WhiteElo "2319"]
[BlackElo "2243"]
[TimeControl "180+2"]
[EndTime "14:48:47 PDT"]
[Termination "Angulo07 won on time"]

1. d4 Nf6 2. Bg5 Ne4 3. Bf4 d5 4. Nd2 Nf6 5. e3 c6 6. Ngf3 Qb6 7. b3 Bf5 8. Bd3 e6 9. O-O Nbd7 10. Ng5 h6 11. Ngf3 Be7 12. Qe2 a5 13. Bxf5 exf5 14. Nh4 g6 15. Nhf3 a4 16. Ne5 Nxe5 17. Bxe5 O-O 18. c4 axb3 19. axb3 Nd7 20. Bg3 Qb4 21. Qd3 Nf6 22. Bf4 Kg7 23. Be5 Kh7 24. h3 b5 25. Qc2 Ne4 26. Nxe4 dxe4 27. d5 cxd5 28.
cxd5 Rac8 29. Qb2 Rfd8 30. Rfd1 Rd7 31. Rd4 Qc5 32. b4 Qb6 33. Rc1 Rcd8 34. Rc6 Qb7 35. Qc3 Rxd5 36. Rxd5 Rxd5 37. Rc7 Qa6 38. Rxe7 1-0

[Event "*** Titled Tuesday Blitz"]
[Site "Chess.com"]
[Date "2018.05.01"]
[Round "8"]
[White "colegiodemadrid"]
[Black "Vamostodorecto"]
[Result "1-0"]
[WhiteElo "2288"]
[BlackElo "2380"]
[TimeControl "180+2"]
[EndTime "14:48:51 PDT"]
[Termination "colegiodemadrid won by checkmate"]

1. e4 e5 2. Nf3 Nc6 3. Bb5 a6 4. Ba4 Nf6 5. Qe2 b5 6. Bb3 Bb7 7. a4 Bc5 8. axb5 axb5 9. Rxa8 Qxa8 10. Qxb5 d6 11. Qe2 Qa1 12. O-O Qxb1 13. Qb5 Ba8 14. Bd5 Kd7 15. Qa4 Ng4 16. d4 exd4 17.
h3 Nxf2 18. Kxf2 d3+ 19. Kg3 Qxc2 20. Qxc2 dxc2 21. Bxf7 Nd4 22. Ng5 Ne2+ 23. Kh4 h6 24.
Be6+ Ke7 25. Rf7+ Ke8 26. Bd7+ Kd8 27. Ne6# 1-0

[Event "*** Titled Tuesday Blitz"]
[Site "Chess.com"]
[Date "2018.05.01"]
[Round "8"]
[White "Firouzja2003"]
[Black "dretch"]
[Result "0-1"]
[WhiteElo "2850"]
[BlackElo "2746"]
[TimeControl "180+2"]
[EndTime "14:48:56 PDT"]
[Termination "dretch won by resignation"]

1. e4 e6 2. d4 d5 3. Nc3 Nf6 4. e5 Nfd7 5. f4 c5 6. Nf3 Nc6 7. Be3 cxd4 8. Nxd4 Bc5 9. Qd2 O-O 10.
O-O-O a6 11. Qf2 Bxd4 12. Bxd4 b5 13. Kb1 b4 14. Ne2 a5 15. Ng3 a4 16. Bb5 Nxd4 17.
Rxd4 b3 18. cxb3 axb3 19. a3 Qb6 20. Bxd7 Bxd7 21. Nh5 f5 22. exf6 g6 23. Ng3 Rxf6 24. Qe3 Raf8 25. Re1 Bb5 26. Ka1 Bc4 27. Ne2 e5 28.
Rd3 Qxe3 29. Rxe3 exf4 30. Re7 f3 31. gxf3 Rxf3 32. Nd4 Rf1 33. Kb1 R8f4 34. Re8+ Kf7 35. Nc6 Bd3+ 36. Kc1 Be4 37. Re7+ Kf6 38. Rxf1 Rxf1+ 39. Kd2 Rf2+ 40. Ke3 Rc2 41. Rc7 Rxb2 42. Rb7 Rxh2 43.
Rb6 b2 44. Nd4+ Kf7 45. Rb7+ Ke8 0-1

[Event "*** Titled Tuesday Blitz"]
[Site "Chess.com"]
[Date "2018.05.01"]
[Round "8"]
[White "vugarrasulov"]
[Black "JSPrepz"]
[Result "1-0"]
[WhiteElo "2736"]
[BlackElo "2634"]
[TimeControl "180+2"]
[EndTime "14:49:00 PDT"]
[Termination "vugarrasulov won by resignation"]

1. d4 Nf6 2. Bg5 d5 3. Bxf6 gxf6 4. e3 c5 5. Nf3 Nc6 6. c4 cxd4 7. cxd5 Qxd5 8. Nc3 Qa5 9. Nxd4 Bd7 10. Nb3 Qb4 11. a3 Qg4 12. Nc5 Rd8 13. Nxb7 Rb8 14. Nc5 Rxb2 15. Qxg4 Bxg4 16. Bb5 Rxb5 17. Nxb5 e5 18. Rc1 Be7 19. Nc7+ Kf8 20. h3 Bc8 21. Nd5 Kg7 22. Ne4 Bxa3 23. Rxc6 Bb7 24. Rc7 Bxd5 25. Nc3 Bb4 26.
O-O Be6 27. Ne4 a5 28. f4 Bd5 29. Ng3 exf4 30. Rxf4 Be6 31. Nh5+ Kg6 32. g4 Rd8 33. Rd4 Rb8 34. Nf4+ Kg5 35. Nxe6+ fxe6 36. Rxh7 Bc5 37. Rh5+ Kg6 38. Rxc5 1-0

[Event "*** Titled Tuesday Blitz"]
[Site "Chess.com"]
[Date "2018.05.01"]
[Round "8"]
[White "Ginger_GM"]
[Black "eljanov"]
[Result "1-0"]
[WhiteElo "2506"]
[BlackElo "2647"]
[TimeControl "180+2"]
[EndTime "14:49:01 PDT"]
[Termination "Ginger_GM won by resignation"]

1. d4 d5 2. c4 c6 3. Nc3 Nf6 4. Nf3 a6 5. h4 Bf5 6. Ne5 e6 7. e3 h5 8. Bd3 Bxd3 9. Qxd3 Nbd7 10. Nxd7 Qxd7 11. O-O b5 12. c5 a5 13. e4 dxe4 14.
Nxe4 Nxe4 15. Qxe4 Be7 16. Bg5 Bxg5 17. hxg5 Rd8 18. g6 f5 19. Qe5 O-O 20. Qh2 Qxd4 21. Qxh5 Rfe8 22. Rad1 Qf6 23. Rd6 Kf8 24. Rxc6 Rd4 25.
Qh8+ Ke7 26. Rc7+ Rd7 27. Rxd7+ Kxd7 28. Rd1+ Ke7 29. Qh2 Qxg6 30. Qd6+ Kf7 31. c6 Qg4 32. c7 Qc4 33. Qd7+ Kf8 34. Qxe8+ Kxe8 35. Rd8+ Kf7 36. c8=Q 1-0

[Event "*** Titled Tuesday Blitz"]
[Site "Chess.com"]
[Date "2018.05.01"]
[Round "8"]
[White "Vusatiuk_Vladimir"]
[Black "MartinMatthiesen"]
[Result "0-1"]
[WhiteElo "2179"]
[BlackElo "2376"]
[TimeControl "180+2"]
[EndTime "14:49:03 PDT"]
[Termination "MartinMatthiesen won by resignation"]

1. e4 e5 2. Nf3 Nc6 3. d4 exd4 4. Nxd4 Bc5 5. Nb3 Bb6 6. Nc3 Nf6 7. Qe2 O-O 8. Be3 d5 9. Bxb6 axb6 10. O-O-O d4 11. a3 Bg4 12. f3 Be6 13. Kb1 dxc3 14. Rxd8 Rfxd8 15. bxc3 Rxa3 16. Nd4 Nxd4 17. cxd4 Rxd4 18. Qb5 Rd1+ 19. Kb2 Raa1 20. Qe5 Ne8 21. Bb5 Rxh1 22. Bxe8 Ra2+ 23. Kc3 Rc1 24. Bb5 Raxc2+ 25. Kd4 Rc3 26.
Bd3 h6 27. f4 Ra3 28. Be2 c5+ 29. Qxc5 bxc5+ 30. Ke5 Re1 0-1

[Event "*** Titled Tuesday Blitz"]
[Site "Chess.com"]
[Date "2018.05.01"]
[Round "8"]
[White "savinspm"]
[Black "TrimitziosP7"]
[Result "1-0"]
[WhiteElo "2001"]
[BlackElo "2492"]
[TimeControl "180+2"]
[EndTime "14:49:06 PDT"]
[Termination "savinspm won by resignation"]

1. e4 e5 2. Nf3 Nc6 3. Bb5 Nf6 4. Bxc6 dxc6 5. O-O Bd6 6. d3 O-O 7. Nbd2 h6 8. Nc4 Re8 9. Ne3 c5 10. h3 Be6 11. g4 Nd7 12. Nf5 f6 13. Kg2 Kf7 14.
Be3 b6 15. Qd2 Rh8 16. Rh1 Nf8 17. N3h4 g5 18. Nf3 Ng6 19. a3 h5 20. Rag1 Bxf5 21.
gxf5 Nf4+ 22. Bxf4 exf4 23. Kf1 Qe7 24. Qc3 Rhg8 25.
Qc4+ Kf8 26. Rg2 Re8 27. Nh4 Qf7 28. Ng6+ Rxg6 29. Qxf7+ Kxf7 30. fxg6+ Kxg6 31. f3 Be5 32. c3 Rd8 33. Ke2 c6 34. Rhg1 Bd6 35. d4 Be7 36. Rd1 c4 37. Rdg1 b5 38. Kd2 c5 39. d5 f5 40. h4 fxe4 41. Rxg5+ Bxg5 42. Rxg5+ Kh6 43. fxe4 f3 44. Ke3 Rf8 45. Kf2 Rf4 46. Re5 Kg6 47. d6 Rf7 48. Re6+ Kg7 49. e5 a5 50. Re8 1-0